 Dungeon Crawl Stone Soup version 0.20-a0-754-g13ddd6e (webtiles) character file.

93 esteth the Ruffian (level 4, -7/35 HPs)
             Began as a Draconian Transmuter on Feb 26, 2017.
             Mangled by Yehuk's ghost (8 damage)
             ... on level 3 of the Dungeon.
             The game lasted 00:05:03 (1999 turns).

esteth the Ruffian (Draconian Transmuter)           Turns: 1999, Time: 00:05:04

Health: -7/35      AC:  5    Str: 11 (12) XL:     4   Next: 37%
Magic:  1/7        EV: 12    Int: 15      God:
Gold:   128        SH:  0    Dex: 10 (11) Spells: 4/7 levels left

rFire    x . .     SeeInvis .     - Unarmed
rCold    + . .     Gourm    .   (armour unavailable)
rNeg     . . .     Faith    .   (no shield)
rPois    .         Spirit   .   (helmet restricted)
rElec    .         Reflect  .   (no cloak)
rCorr    .         Harm     .   (no gloves)
MR       .....                  (no boots)
Stlth    +.........             (no amulet)
Regen    0.2/turn               (no ring)
MPRegen  0.1/turn               d - ring of ice

@: no status effects
A: unfitting armour, cold-blooded, AC +5
a: no special abilities


You were on level 3 of the Dungeon.
You were hungry.

You visited 1 branch of the dungeon, and saw 3 of its levels.

You collected 128 gold pieces.

Inventory:

Missiles
 a - 20 arrows (quivered)
Jewellery
 d - a ring of ice (left hand)
Scrolls
 e - a scroll of recharging
 i - a scroll of remove curse
 j - a scroll of fog
Potions
 g - a potion of brilliance
Books
 b - a book of Changes

   Spells                             Type                      Level
   a - Beastly Appendage              Transmutation                1
   b - Sticks to Snakes               Transmutation                2
   c - Spider Form                    Transmutation/Poison         3
   d - Ice Form                       Ice/Transmutation            4
   e - Blade Hands                    Transmutation                5
Comestibles
 c - 2 bread rations
 f - 6 chunks of flesh


   Skills:
 - Level 1.1 Fighting
 - Level 1.7 Dodging
 + Level 5.2 Unarmed Combat
 - Level 2.0 Spellcasting
 - Level 2.0 Transmutations


You had 4 spell levels left.
You knew the following spells:

 Your Spells              Type           Power        Failure   Level  Hunger
a - Beastly Appendage     Tmut           #.....       12%         1    #......
b - Sticks to Snakes      Tmut           #.......     14%         2    ###....


Dungeon Overview and Level Annotations

Branches:
Dungeon (3/15)

Altars:
Dithmenos
Uskayaw

Annotations:
D:3 Yehuk's ghost, amateur DEFE


Innate Abilities, Weirdness & Mutations

Your plain brown scales are hard. (AC +5)
You cannot fit into any form of body armour.
You are cold-blooded and may be slowed by cold attacks.


Message History

Yehuk's ghost hits you.
* * * LOW HITPOINT WARNING * * *
You barely miss Yehuk's ghost.
Your tail-slap misses Yehuk's ghost.
Yehuk's ghost is almost destroyed.
Yehuk's ghost barely misses you.
You barely miss Yehuk's ghost.
Yehuk's ghost is almost destroyed.
Yehuk's ghost whispers, "Death is liberation."
Yehuk's ghost closely misses you.
You barely miss Yehuk's ghost.
Yehuk's ghost is almost destroyed.
Yehuk's ghost hits you.
* * * LOW HITPOINT WARNING * * *
You hit Yehuk's ghost but do no damage.
Yehuk's ghost is almost destroyed.
Yehuk's ghost barely misses you.
You closely miss Yehuk's ghost.
Yehuk's ghost is almost destroyed.
Yehuk's ghost hits you!
You die...

#.# #########
#.####...#...# .......#
#...#..#..#..###......#
#.#...#..#..#._#.W....#
#.####..#..#..##.....>#
#.####...#...###......#
#.##.######### #....?..
#.##.#####.# #.......
#.....@.##.# #.......
####.##W##.# ######.#
#.W.....##########.#
###............))..#
#...##############
#####


You could see Yehuk's ghost.

Vanquished Creatures
  4 adders
  An ooze (D:2)
  A worm (D:2)
  2 dart slugs
  A leopard gecko (D:2)
  3 orcs (D:3)
  A ball python (D:2)
  2 giant cockroaches
  3 goblins
  3 hobgoblins (D:2)
  6 jackals
  A quokka (D:2)
  3 bats
  3 frilled lizards
  4 kobolds
  7 rats
45 creatures vanquished.

Notes
Turn   | Place    | Note
-------+----------+-------------------------------------------
     0 | D:1      | esteth the Draconian Transmuter began the quest for the Orb.
     0 | D:1      | Reached XP level 1. HP: 16/16 MP: 3/3
   241 | D:1      | Reached XP level 2. HP: 21/23 MP: 5/5
   373 | D:1      | You fall through a shaft!
   626 | D:2      | Reached skill level 4 in Unarmed Combat
   641 | D:2      | Reached XP level 3. HP: 26/28 MP: 6/6
  1321 | D:2      | Reached XP level 4. HP: 19/35 MP: 7/7
  1563 | D:2      | Found a shadowy altar of Dithmenos.
  1613 | D:2      | Reached skill level 5 in Unarmed Combat
  1811 | D:3      | Found a hide-covered altar of Uskayaw.
  1941 | D:3      | Noticed Yehuk's ghost (amateur DEFE)
  1949 | D:3      | Learned a level 2 spell: Sticks to Snakes
  1997 | D:3      | HP: 1/35 [Yehuk's ghost (3)]
  1999 | D:3      | Mangled by Yehuk's ghost

Vault maps used:
D:1:      sevenhm_arrival_forest_fort_small_4
D:2:      lemuel_coloured_pillars_altar, first_bread
D:3:      marbit_many_paths, nicolae_gozag_cash_rules_everything_around_me,
          nicolae_overflow_hidden_temple

Skill      XL: |  1  2  3  4 |
---------------+-------------+-----
Unarmed Combat | 4 5 |  5.2
Fighting       | |  1.1
Dodging        | |  1.7
Spellcasting   | |  2.0
Transmutations | |  2.0

Action                   |  1- 3 |  4- 6 || total
-------------------------+-------+-------++-------
Melee: Unarmed           |   130 |    47 ||   177
       Tailslap          |    12 |     3 ||    15
       Punch             |       |     1 ||     1
 Cast: Sticks to Snakes  |       |     4 ||     4
  Use: Potion            |     3 |     2 ||     5
       Scroll            |     3 |       ||     3
 Stab: Sleeping          |       |     2 ||     2
  Eat: Chunk             |     1 |     2 ||     3
Armor: Skin              |    35 |     8 ||    43
Dodge: Dodged            |    89 |    24 ||   113
